 Dungeon Crawl Stone Soup version 0.19.4-8-ga85b6b9 (console) character file.

6828 Grinner the Grappler (level 10, 0/96 HPs)
             Began as a Troll Transmuter on Feb 13, 2017.
             Was a High Priest of Okawaru.
             Slain by a polar bear (4 damage)
             ... in an ice cave.
             The game lasted 00:26:45 (7167 turns).

Grinner the Grappler (Troll Transmuter)             Turns: 7167, Time: 00:26:46

Health: 0/96       AC:  2    Str: 24    XL:     10   Next: 77%
Magic:  7/12       EV: 24    Int: 12    God:    Okawaru [*****.]
Gold:   375        SH:  3    Dex: 15    Spells: 4 memorised, 1 level left

rFire  . . .     SeeInvis .       - Unarmed
rCold  + . .     Gourm    +     (armour currently unavailable)
rNeg   . . .     Faith    .     (shield currently unavailable)
rPois  x         Spirit   .     (helmet currently unavailable)
rElec  .         Reflect  +     (cloak currently unavailable)
rCorr  .         Harm     .     (gloves unavailable)
MR     .....                    (boots unavailable)
Stlth  +.........               F - +3 amulet of reflection
                                C - +4 ring of strength
                                j - ring of protection from cold

@: spider-form (expiring), very slightly contaminated
A: unfitting armour, (claws 0), (cold resistance 0), (deformed body), fast
metabolism 3, gourmand, regeneration 1, robust 1, (shaggy fur 0), (tough skin 0)
a: End Transformation, Heroism, Finesse, Renounce Religion


You were in an ice cave.
You worshipped Okawaru.
Okawaru was extremely pleased with you.
You were very full.
You were a venomous arachnid creature.
You visited 3 branches of the dungeon, and saw 12 of its levels.
You also visited: Ice Cave.

You collected 375 gold pieces.

Inventory:

Missiles
 a - 73 arrows
Armour
 b - a +0 robe (melded)
Jewellery
 h - an uncursed ring of poison resistance
 j - a ring of protection from cold (left front leg)
 r - an uncursed ring of protection from fire
 y - an uncursed amulet of rage
 C - a +4 ring of strength (right front leg)
 F - a +3 amulet of reflection (around neck)
 M - an uncursed ring of protection from magic
Wands
 f - a wand of lightning (6/15)
 i - a wand of flame (33/48)
 B - a wand of teleportation (7/9)
 E - a wand of slowing (23/48)
Scrolls
 e - 4 scrolls of enchant weapon
 g - a scroll of fog {unknown}
 k - 3 scrolls of teleportation
 l - 3 scrolls of recharging
 o - a scroll of fear {unknown}
 q - a scroll of enchant armour {unknown}
 w - a scroll of amnesia {unknown}
 z - 3 scrolls of remove curse
 H - a scroll of blinking
 L - a scroll of silence {unknown}
Potions
 m - a potion of curing
 n - 2 potions of brilliance
 u - 2 potions of haste
 x - 2 potions of might
 A - a potion of invisibility
 D - a potion of berserk rage
 K - a potion of ambrosia {unknown}
Books
 c - a book of Changes

   Spells                             Type                      Level
   a - Beastly Appendage              Transmutation                1
   b - Sticks to Snakes               Transmutation                2
   c - Spider Form                    Transmutation/Poison         3
   d - Ice Form                       Ice/Transmutation            4
   e - Blade Hands                    Transmutation                5
 I - a book of Misfortune

   Spells                             Type                      Level
   a - Confusing Touch                Hexes                        1
   b - Confuse                        Hexes                        3
   c - Gell's Gravitas                Hexes/Translocation          3
   d - Petrify                        Transmutation/Earth          4
   e - Metabolic Englaciation         Hexes/Ice                    5
   f - Yara's Violent Unravelling     Hexes/Transmutation          5
Comestibles
 d - 9 bread rations
 p - 4 meat rations
 v - 6 beef jerkies
 G - 3 fruits


   Skills:
 + Level 2.7 Fighting
 - Level 6.4 Dodging
 * Level 12.1 Unarmed Combat
 + Level 2.3 Spellcasting
 - Level 5.8 Transmutations


You had one spell level left.
You knew the following spells:

 Your Spells              Type           Power        Failure   Level  Hunger
a - Ice Form              Ice/Tmut       #.......     91%         4    #####..
f - Petrify               Tmut/Erth      #.......     91%         4    #####..
s - Spider Form           Tmut/Pois      #.........   45%         3    ####...
z - Beastly Appendage     Tmut           ###...       10%         1    ##.....


Dungeon Overview and Level Annotations

Branches:
Dungeon (8/15)             Temple (1/1) D:5            Lair (3/6) D:8
  Swamp: Lair:2-4    Shoals: Lair:2-4     Snake: Lair:2-4    Spider: Lair:2-4

Altars:
Ashenzari
Cheibriados
Dithmenos
Fedhas
Gozag
Hepliaklqana
Makhleb
Nemelex Xobeh
Okawaru
Ru
Sif Muna
Trog
Uskayaw
Vehumet
Xom
Yredelemnul
Zin


Innate Abilities, Weirdness & Mutations

You are too large for most types of armour.
((You have claws for hands.))
Your metabolism is lightning-fast.
You like to eat raw meat.
Your natural rate of healing is unusually fast.
((You are covered in fur. (AC +1)))
((You have very tough skin. (AC +2)))
((Your flesh is cold resistant. (rC+)))
((Armour fits poorly on your strangely shaped body.))
You are robust. (+10% HP)


Message History

You hit the polar bear.
The polar bear looks as sick as possible!
The polar bear is moderately wounded.
Your transformation is almost over.
The polar bear completely misses you. The polar bear barely misses you.
The polar bear claws you.
* * * LOW HITPOINT WARNING * * *
You hit the polar bear but do no damage.
The polar bear looks as sick as possible!
The polar bear is moderately wounded.
The polar bear barely misses you. The polar bear misses you. x2
You bite the polar bear!
The polar bear looks as sick as possible!
The polar bear is heavily wounded.
You bite the polar bear!
The polar bear is severely wounded.
The polar bear bites you!!
* * * LOW HITPOINT WARNING * * *
The polar bear barely misses you. The polar bear claws you.
You die...

#..#≈# ##...#
#..#.# ###
##.##h# ##.##
#†.###h #...#
#.####.. ###
#...#
#.##.#### #.#
##.#†##
#.h.#.# #.#
##..#..#
##s#### ##.#
#..###.#
#..#### #..#
##.###.##
##..#.## ##.#
#..##..#
#.....## ##.#
##.###.#
##...#.###÷##
#.###.#
##....##...#
#..##.#
####..#.#.#
##.##.##
##....##
#.###.##
##.#.##


You could see a polar bear.

Vanquished Creatures
  A death yak (IceCv)
  A spiny frog (D:8)
  4 polar bears (IceCv)
  5 yaks (IceCv)
  A basilisk (Lair:1)
  A water moccasin (D:7)
  A porcupine (D:8)
  9 ice beasts
  An orc warrior (D:7)
  2 sky beasts
  A phantom (D:8)
  4 ogres
  7 wolves (IceCv)
  A centaur (D:4)
  A big kobold (D:6)
  4 bullfrogs
  4 scorpions
  6 killer bees
  2 howler monkeys
  A crimson imp (D:6)
  A quasit (D:6)
  2 hounds
  4 orc priests
  A bullfrog skeleton (D:6)
  2 centaur skeletons (D:6)
  An iguana (D:5)
  5 orc wizards
  8 worker ants
  2 worker ant zombies
  4 gnolls
  9 adders
  A river rat (D:8)
  2 shadow imps
  An ooze (D:3)
  An adder zombie (D:5)
  An adder skeleton (D:6)
  3 worms
  4 dart slugs
  6 leopard geckos
  31 orcs
  3 ball pythons
  6 bats
  A giant cockroach (D:4)
  6 hobgoblins
  17 jackals
  4 quokkas
  A frilled lizard (D:3)
  4 goblins
  10 kobolds
  A leopard gecko skeleton (D:7)
  6 rats
  A spectral orc (D:4)
206 creatures vanquished.

Notes
Turn   | Place    | Note
-------+----------+-------------------------------------------
     0 | D:1      | Grinner the Troll Transmuter began the quest for the Orb.
     0 | D:1      | Reached XP level 1. HP: 18/18 MP: 1/1
   133 | D:1      | Reached XP level 2. HP: 24/26 MP: 2/2
   485 | D:2      | Found a sacrificial altar of Ru.
   512 | D:2      | Reached XP level 3. HP: 22/32 MP: 1/3
  1049 | D:2      | Found a shimmering altar of Xom.
  1143 | D:2      | Reached skill level 4 in Unarmed Combat
  1249 | D:2      | Reached XP level 4. HP: 36/40 MP: 2/4
  2108 | D:3      | Reached XP level 5. HP: 46/46 MP: 5/5
  2262 | D:4      | Noticed an ogre
  2265 | D:4      | Noticed an ogre
  2304 | D:4      | Killed an ogre
  2304 | D:4      | Reached skill level 5 in Unarmed Combat
  2307 | D:4      | Killed an ogre
  2307 | D:4      | Reached XP level 6. HP: 43/54 MP: 4/6
  2715 | D:4      | Reached skill level 6 in Unarmed Combat
  2722 | D:4      | Reached XP level 7. HP: 57/61 MP: 5/7
  2727 | D:4      | Learned a level 3 spell: Spider Form
  2732 | D:4      | Learned a level 4 spell: Ice Form
  2949 | D:4      | Found a basalt altar of Yredelemnul.
  3123 | D:5      | Entered Level 5 of the Dungeon
  3142 | D:5      | Found a staircase to the Ecumenical Temple.
  3162 | Temple   | Entered the Ecumenical Temple
  3398 | D:5      | Gained mutation: Armour fits poorly on your strangely shaped body. [potion of mutation]
  3398 | D:5      | Gained mutation: Your flesh is cold resistant. (rC+) [potion of mutation]
  3532 | D:5      | Reached skill level 7 in Unarmed Combat
  3745 | Temple   | Became a worshipper of Warmaster Okawaru
  3773 | D:5      | Found a shattered altar of Ashenzari.
  3845 | D:5      | Reached XP level 8. HP: 17/68 MP: 8/8
  3850 | D:5      | Gained mutation: You are robust. (+10% HP) [mutagenic meat]
  4325 | D:6      | Found Oritel's Antique Weapon Shoppe.
  4341 | D:6      | Reached * piety under Okawaru
  4341 | D:6      | Reached skill level 8 in Unarmed Combat
  5074 | D:7      | Reached skill level 5 in Dodging
  5074 | D:7      | Reached skill level 9 in Unarmed Combat
  5102 | D:7      | Reached XP level 9. HP: 82/82 MP: 7/9
  5118 | D:7      | Reached ** piety under Okawaru
  5772 | D:7      | Found an opulent altar of Gozag.
  5772 | D:7      | Found a radiant altar of Vehumet.
  5773 | D:7      | Found a snail-covered altar of Cheibriados.
  6026 | D:8      | Found a blossoming altar of Fedhas.
  6054 | D:7      | Reached skill level 5 in Transmutations
  6219 | D:8      | Found a staircase to the Lair.
  6226 | D:8      | Reached skill level 10 in Unarmed Combat
  6233 | D:8      | Noticed a spiny frog
  6256 | D:8      | Killed a spiny frog
  6265 | Lair:1   | Entered Level 1 of the Lair of Beasts
  6309 | Lair:1   | Reached *** piety under Okawaru
  6467 | Lair:3   | Found a frozen archway.
  6513 | Lair:3   | Reached XP level 10. HP: 40/91 MP: 4/10
  6628 | IceCv    | Entered an ice cave
  6673 | IceCv    | Reached skill level 11 in Unarmed Combat
  6676 | IceCv    | Reached **** piety under Okawaru
  6804 | IceCv    | Noticed a death yak
  6808 | IceCv    | Reached skill level 1 in Fighting
  6820 | IceCv    | Killed a death yak
  7065 | IceCv    | Learned a level 4 spell: Petrify
  7138 | IceCv    | Reached ***** piety under Okawaru
  7155 | IceCv    | Reached skill level 12 in Unarmed Combat
  7167 | IceCv    | HP: 4/96 [polar bear (18)]
  7167 | IceCv    | Slain by a polar bear

Skill      XL: |  1  2  3  4  5  6  7  8  9 10 |
---------------+-------------------------------+-----
Transmutations | 2 3 4 5 |  5.8
Dodging        | 2 3 4 5 6 |  6.4
Unarmed Combat | 4 5 6 7 9 10 12 | 12.1
Fighting       | 2 |  2.7
Spellcasting   | 2 |  2.3

Action                   |  1- 3 |  4- 6 |  7- 9 | 10-12 || total
-------------------------+-------+-------+-------+-------++-------
Melee: Unarmed           |   113 |   108 |   414 |    74 ||   709
       Punch             |     2 |     1 |     7 |     2 ||    12
       Kick              |     1 |     3 |     7 |       ||    11
       Headbutt          |       |     4 |    14 |       ||    18
 Cast: Beastly Appendage |     4 |     4 |    17 |     2 ||    27
       Spider Form       |       |       |     7 |     5 ||    12
Evoke: Wand              |       |       |       |     1 ||     1
  Use: Potion            |       |     4 |     9 |     1 ||    14
       Scroll            |       |     6 |     4 |     5 ||    15
  Eat: Chunk             |    16 |    14 |    30 |    11 ||    71
       Meat ration       |       |       |       |     1 ||     1
Armor: Robe              |    64 |    30 |    97 |     2 ||   193
       Skin              |       |       |    80 |     3 ||    83
Dodge: Dodged            |    83 |    42 |   288 |    67 ||   480
Block: Other             |       |       |    43 |     2 ||    45
